 Dungeon Crawl Stone Soup version 0.22-a0-149-g870e420 (webtiles) character file.

98 TheDeThijs the Cudgeler (level 4, -3/39 HPs)
             Began as a Minotaur Berserker on Feb 7, 2018.
             Was a Believer of Trog.
             Slain by an orc wizard
             ... wielding a +0 dagger
              (5 damage)
             ... on level 2 of the Dungeon.
             The game lasted 00:07:52 (1864 turns).

TheDeThijs the Cudgeler (Minotaur Berserker)        Turns: 1864, Time: 00:07:53

Health: -3/39      AC:  2    Str: 26    XL:     4   Next: 44%
Magic:  3/3        EV: 18    Int:  4    God:    Trog [**....]
Gold:   162        SH:  0    Dex: 16    Spells: 3/3 levels left

rFire    . . .     SeeInvis .   a - +0 mace
rCold    . . .     Gourm    .   (no shield)
rNeg     . . .     Faith    .   b - +0 animal skin
rPois    .         Spirit   .   (helmet restricted)
rElec    .         Reflect  .   (no cloak)
rCorr    .         Harm     .   (no gloves)
MR       .....                  (no boots)
Stlth    +++.......             (no amulet)
HPRegen  0.13/turn              (no ring)
MPRegen  0.08/turn              (no ring)

@: mighty, agile, berserk cooldown, slowed, very slow
A: retaliatory headbutt, horns 2
a: Berserk, Trog's Hand, Burn Spellbooks, Renounce Religion


You were on level 2 of the Dungeon.
You worshipped Trog.
Trog was pleased with you.
You were not hungry.

You visited 1 branch of the dungeon, and saw 3 of its levels.

You collected 162 gold pieces.

Inventory:

Hand Weapons
 a - a +0 mace (weapon)
Missiles
 k - 114 stones (quivered)
 p - 6 tomahawks
 v - 4 steel tomahawks
Armour
 b - a +0 animal skin (worn)
 e - a +0 buckler
Jewellery
 g - a +5 ring of evasion {unknown}
 h - an uncursed ring of poison resistance {unknown}
 i - an uncursed ring of positive energy {unknown}
 o - a cursed -3 ring of protection {unknown}
Wands
 n - a wand of paralysis (19)
Scrolls
 d - 4 scrolls of teleportation {unknown}
 j - a scroll of fog {unknown}
 m - 3 scrolls of identify {unknown}
 q - a scroll of blinking {unknown}
 t - a scroll of enchant weapon {unknown}
Potions
 s - a potion of heal wounds {unknown}
 u - a potion of agility
Comestibles
 c - 7 rations


   Skills:
 - Level 3.6 Fighting
 * Level 6.2 Maces & Flails
 + Level 0.8 Throwing
 - Level 2.4 Armour
 - Level 2.1 Dodging
 + Level 0.1 Stealth


You had 3 spell levels left.
You didn't know any spells.

Dungeon Overview and Level Annotations

Branches:
Dungeon (3/15)

Altars:


Innate Abilities, Weirdness & Mutations

You reflexively headbutt those who attack you in melee.
You have a pair of horns on your head.


Message History

You kill the orc!
Trog accepts your kill. The orc hits you with a flail.
The orc hits you with a mace. Something hits you.
* * * LOW HITPOINT WARNING * * *
The orc hits you with a dagger.
* * * LOW HITPOINT WARNING * * *
Unknown command.
Something hits you but does no damage. The orc closely misses you.
The orc barely misses you. The orc hits you with a dagger.
* * * LOW HITPOINT WARNING * * *
Something hits you.
* * * LOW HITPOINT WARNING * * *
You climb upwards.
There is a stone staircase leading down here.
You're still recovering from your berserk rage.
It was a potion of agility.
You feel agile all of a sudden. Something hits you.
You die...

#.......'...............
#.#######..........#####
#.# #........### #
#.#######....))..#######
#.##...##....)<)....†..#
#.##...#####)#########.#
#.##...#####...........#
#.##..o{o...............
#.##...@...)............
#.##...o.......#######.#
###.#####.######'#######.#
#.........................
############.........###.#
#.........# #.#
#.........# #.#
######.........# #.#
#..............# #.#


You could see 3 orcs.

Vanquished Creatures
  Robin (D:2)
  A worm (D:3)
  2 dart slugs (D:3)
  3 orcs (D:3)
  A ball python (D:2)
  4 giant cockroaches
  14 goblins
  9 hobgoblins
  7 jackals (D:3)
  5 kobolds
  2 quokkas (D:2)
  7 bats
  4 frilled lizards
  8 rats
68 creatures vanquished.

Notes
Turn   | Place    | Note
-------+----------+-------------------------------------------
     0 | D:1      | TheDeThijs the Minotaur Berserker began the quest for the Orb.
     0 | D:1      | Reached XP level 1. HP: 19/19 MP: 0/0
    35 | D:1      | Reached skill level 4 in Maces & Flails
    58 | D:1      | Reached XP level 2. HP: 10/26 MP: 1/1
   592 | D:2      | Noticed Robin
   809 | D:2      | Reached skill level 5 in Maces & Flails
   822 | D:2      | Reached ** piety under Trog
   919 | D:2      | Reached XP level 3. HP: 31/31 MP: 2/2
   943 | D:2      | Killed Robin
  1522 | D:3      | Reached XP level 4. HP: 39/39 MP: 3/3
  1530 | D:3      | Reached skill level 6 in Maces & Flails
  1862 | D:3      | HP: 1/39 [something (1)]
  1864 | D:2      | Slain by an orc wizard

Vault maps used:
D:1:      grunt_arrival_crossed_arrows
D:2:      first_ration, uniq_robin

Skill      XL: |  1  2  3  4 |
---------------+-------------+-----
Maces & Flails | 4 5 6 |  6.2
Fighting       | |  3.6
Throwing       | |  0.8
Armour         | |  2.4
Dodging        | |  2.1
Stealth        | |  0.1

Action                   |  1- 3 |  4- 6 || total
-------------------------+-------+-------++-------
Melee: Mace              |    66 |    28 ||    94
       Headbutt          |    11 |     4 ||    15
Throw: Stone             |    36 |    23 ||    59
       Tomahawk          |     4 |       ||     4
Invok: Berserk           |     2 |       ||     2
       Trog's Hand       |     1 |       ||     1
  Use: Potion            |       |     4 ||     4
  Eat: Chunk             |     3 |     2 ||     5
Armor: Animal skin       |    19 |     4 ||    23
Dodge: Dodged            |    63 |    41 ||   104

Table legend:
 A = Spawn XP
 B = Non-spawn XP
 C = Spawn XP percentage of total XP
 D = Spawn monster count
 E = Non-spawn monster count
 F = Spawn count percentage of total count
 G = Total turns spent on level
                    A         B        C        D         E        F      G
               +---------+---------+-------+---------+---------+-------+---------
         Total |       0 |     141 |   0.0 |       0 |      68 |   0.0 |  1864
               +---------+---------+-------+---------+---------+-------+---------
           D:1 |       0 |      28 |   0.0 |       0 |      16 |   0.0 |   645
           D:2 |       0 |      53 |   0.0 |       0 |      24 |   0.0 |   801
           D:3 |       0 |      60 |   0.0 |       0 |      28 |   0.0 |   418
               +---------+---------+-------+---------+---------+-------+---------
